 Dungeon Crawl Stone Soup version 0.28-a0-803-g74956062c1 (webtiles) character file.

Game seed: 17445081321731439652

33 Decritt the Conjurer (level 3, -2/27 HPs)
             Began as a Human Conjurer on Nov 7, 2021.
             Slain by a goblin (5 damage)
             ... led by Robin
             ... on level 2 of the Dungeon.
             The game lasted 00:03:22 (1415 turns).

Decritt the Conjurer (Human Conjurer)               Turns: 1415, Time: 00:03:23

Health: -2/27      AC:  2    Str:  7    XL:     3   Next: 47%
Magic:  4/6        EV: 12    Int: 19    God:
Gold:   51         SH:  0    Dex: 11    Spells: 3/6 levels left

rFire   . . .      SeeInvis .   b - +2 dagger (speed)
rCold   . . .      Faith    .   (no shield)
rNeg    . . .      Spirit   .   a - +0 robe
rPois   .          Reflect  .   (no helmet)
rElec   .          Harm     .   (no cloak)
rCorr   .          Rampage  .   (no gloves)
Will    .....                   (no boots)
Stlth   ++........              (no amulet)
HPRegen 0.09/turn               (no ring)
MPRegen 0.10/turn               (no ring)

@: no status effects
A: no striking features
a: no special abilities


You were on level 2 of the Dungeon.
You visited 1 branch of the dungeon, and saw 2 of its levels.

You collected 51 gold pieces.

Inventory:

Hand Weapons
 b - a +2 dagger of speed (weapon)
Armour
 a - a +0 robe (worn)
 f - a +0 ring mail
Scrolls
 c - a scroll of blinking {unknown}
 d - a scroll of silence {unknown}
 g - a scroll of teleportation {unknown}
 i - a scroll of fog {unknown}
 j - a scroll of identify {unknown}
Potions
 e - a potion of degeneration {unknown}
 h - a potion of mutation {unknown}


   Skills:
 * Level 1.9 Fighting
 - Level 2.0 Dodging
 - Level 2.0 Stealth
 + Level 2.3 Spellcasting
 + Level 4.2 Conjurations


You had 3 spell levels left.
You knew the following spells:

 Your Spells              Type           Power      Damage    Failure   Level
a - Magic Dart            Conj           72%        1d6       2%          1
b - Searing Ray           Conj           36%        2d5       4%          2

Your spell library contained the following spells:

 Spells                   Type           Power      Damage    Failure   Level
 Dazzling Flash           Conj/Hex       20%        N/A       21%         3
 Fulminant Prism          Conj/Hex       5%         3d7       56%         4
 Iskenderun's Mystic Bla  Conj/Tloc      10%        2d4       56%         4


Dungeon Overview and Level Annotations

Branches:
Dungeon (2/15)

Altars:

Annotations:
D:2 Robin


Message History

You closely miss the goblin.
The goblin is heavily wounded.
You hit the goblin.
You kill the goblin!
A goblin comes into view. It is wielding a +0 dagger.
Robin throws the goblin at you!
A goblin comes into view. It is wielding a +0 club.
Found a faded altar of an unknown god.
The goblin shouts! x2
A goblin comes into view. It is wielding a +0 dagger.
Robin roars a battlecry!
The goblins go into a battle-frenzy!
A goblin comes into view. It is wielding a +0 club.
A goblin comes into view. It is wielding a +0 dagger.
The goblin shouts!
You hear a shout! 5 goblins and a kobold come into view.
The goblin shouts!
The kobold shouts!
The goblin shouts!
Robin closely misses you.
You closely miss the goblin. The goblin barely misses you.
Robin hits you from afar with a +0 spear.
You barely miss the goblin. The goblin hits you but does no damage.
Robin throws the goblin at you! The goblin hits you with a +0 dagger.
You hit the goblin.
The goblin is moderately wounded.
The goblin hits you with a +0 club. The goblin misses you.
Robin hits you from afar with a +0 spear.
* * * LOW HITPOINT WARNING * * *
The goblin hits you with a +0 dagger.
* * * LOW HITPOINT WARNING * * *
The kobold hits you with a +0 dagger.
* * * LOW HITPOINT WARNING * * *
The goblin closely misses you. The goblin hits you but does no damage.
The goblin barely misses you. Robin throws the goblin at you!
* * * LOW HITPOINT WARNING * * *
The goblin barely misses you.
You hit the goblin.
The goblin is severely wounded.
The goblin hits you with a +0 dagger.
You die...

.... ## ## .... ... #_ .....
#.##^##### .....
#..#.#...#....
##.....g..#..###.#######
........gg.............#
....ggg.gg##.##...#....#
.####Kgg@g......#.#..#
#.####..#...#.#..# #.#
##.#.....#..# #)#
#.......<#..#
##########.####.#.#.......####
#.............#.#......#......
#.............#......#.#######
#...>.........####...#.#......
#......######........#.#.#####


You could see Robin, 10 goblins and a kobold.

Vanquished Creatures
  4 ball pythons
  3 endoplasms (D:1)
  A giant cockroach (D:1)
  6 goblins
  3 hobgoblins (D:1)
  5 kobolds (D:1)
  A quokka (D:2)
  3 bats (D:1)
  A frilled lizard (D:1)
  2 rats (D:1)
29 creatures vanquished.

Notes
Turn   | Place    | Note
-------+----------+-------------------------------------------
     0 | D:1      | Decritt the Human Conjurer began the quest for the Orb.
     0 | D:1      | Reached XP level 1. HP: 13/13 MP: 3/3
   113 | D:1      | Reached XP level 2. HP: 20/20 MP: 3/5
   116 | D:1      | Learned a level 2 spell: Searing Ray
   200 | D:1      | Reached skill level 1 in Fighting
   582 | D:1      | Reached XP level 3. HP: 26/26 MP: 4/6
  1401 | D:2      | Noticed Robin
  1407 | D:2      | Found a faded altar of an unknown god.
  1415 | D:2      | Slain by a goblin

Illustrated notes

Levels and vault maps discovered:
D:1:      dpeg_arrival_boxorama, layout_loops_ring,
          chequers_serial_rivers_large_a, kennysheep_nondescript
D:2:      layout_basic, hellmonk_ecumenical_altar_leap_of_faith, uniq_jessica,
          uniq_robin

Skill      XL: |  1  2 |
---------------+-------+-----
Fighting       | 1 |  1.9
Dodging        | |  2.0
Stealth        | |  2.0
Spellcasting   | |  2.3
Conjurations   | |  4.2

Action                   || total
-------------------------++-------
Melee: Dagger            ||    23
 Cast: Magic Dart        ||    45
Armor: Robe              ||     5
Dodge: Dodged            ||    11

Table legend: (Time is in decaauts)
 A = Elapsed time spent in this place.
 B = Non-inter-level travel time spent in this place.
 C = Inter-level travel time spent in this place.
 D = Time resting spent in this place.
 E = Time spent auto-exploring this place.
 F = Levels seen in this place.
 G = Mean time per level.
                   A        B        C        D        E       F      G
               +--------+--------+--------+--------+--------+-----+--------+
         Total |   1415 |   1369 |     46 |      0 |   1215 |   2 |  707.5 |
       Dungeon |   1415 |   1369 |     46 |      0 |   1215 |   2 |  707.5 |
               +--------+--------+--------+--------+--------+-----+--------+

Top non-repeatable levels by time:
     D:1: 1243 daAuts
     D:2: 172 daAuts
